Devils vs Bulldogs

Created - Wednesday, October 08, 2014 at 00:04

Goals
1 2 3 OT1 T
Devils 0 1 0 0 1
Bulldogs 1 0 0 1 2
Shots
1 2 3 OT1 T
Devils 5 8 12 0 25
Bulldogs 11 8 14 1 34

1st period

1. Bulldogs , Tomas Jurco 1 (Jordan Leopold, Eric Hartzell) at 14:14 (PP)

Penalties :
Theo Peckham (LOW) for Hooking (Minor) at 12:46

2nd period

2. Devils , Brendan Shinnimin 1 (Yanni Gourde) at 15:35

Penalties :
Cody McCormick (Ham) for Tripping (Minor) at 9:05

3rd period

No Goal

Penalties :
Chris Wideman (LOW) for Slashing (Minor) at 1:17, Xavier Ouellet (Ham) for Roughing (Minor) at 4:55, Zach Budish (LOW) for Hooking (Minor) at 7:07, Jean-Francois Jacques (Ham) for Fighting (Major) at 10:05, Theo Peckham (LOW) for Fighting (Major) at 10:05

Overtime #1

3. Bulldogs , Cody McCormick 1 (Steven Kampfer) at 4:11

Penalties :
No Penalty

Goalie Stats

Robert Mayer (LOW), 32 saves from 34 shots - (0.941), OTL, 0-0-1, 64:11 minutes
Eric Hartzell (Ham), 24 saves from 25 shots - (0.960), W, 1-0-0, 64:11 minutes

Players Stats for Devils

Player Name              G  A  P  +/- PIM S  H  SB GA TA FO     MP     PP MP  PK MP  
------------------------------------------------------------------------------------
Brendan Shinnimin        1  0  1   1  0   3  4  1  3  1  0/4    18:09   2:07   0:51 
Chris Wideman            0  0  0   0  2   0  1  1  0  0  0/0    24:22   1:43   2:54 
Colin Miller             0  0  0   0  0   2  2  2  0  0  0/0    26:36   2:15   2:32 
Darren Archibald         0  0  0   0  0   1  0  1  1  0  0/0    10:30   0:00   0:31 
Darroll Powe             0  0  0   0  0   2  3  0  0  2  8/14   18:31   1:51   4:04 
Drew MacKenzie           0  0  0   0  0   0  0  2  0  0  0/0    14:14   0:00   0:00 
Gabriel Beaupre          0  0  0   0  0   1  1  1  0  1  0/0    14:46   0:00   0:00 
Jordan Martinook         0  0  0  -1  0   0  1  0  2  1  0/0    14:56   0:00   0:00 
Pascal Pelletier         0  0  0   0  0   0  0  1  2  0  6/12   16:24   2:07   0:00 
Philip-Michael Devos     0  0  0   0  0   0  0  1  1  1  4/7    12:35   0:00   0:31 
Rod Pelley               0  0  0   0  0   1  1  0  2  1  0/0    14:39   1:51   0:51 
Ryan Jones               0  0  0   0  0   4  1  2  2  2  1/2    21:39   1:51   3:39 
Scooter Vaughan          0  0  0   0  0   2  1  3  0  2  0/0    24:42   1:43   2:54 
Sean Collins             0  0  0   0  0   3  0  0  6  0  0/0    13:45   0:00   0:00 
Theo Peckham             0  0  0   0  7   1  1  4  0  3  0/0    23:40   2:15   2:32 
Yanni Gourde             0  1  1   1  0   2  1  0  0  0  0/0    12:59   0:00   0:00 
Zach Budish              0  0  0  -1  2   2  2  0  2  0  0/0    13:27   0:00   0:25 
Zach O'Brien             0  0  0   1  0   1  0  0  1  0  0/0    15:20   2:07   0:00 

Players Stats for Bulldogs

Player Name              G  A  P  +/- PIM S  H  SB GA TA FO     MP     PP MP  PK MP  
------------------------------------------------------------------------------------
B.J. Crombeen            0  0  0  -1  0   5  2  2  2  0  1/1    20:22   2:37   3:09 
Brandon Yip              0  0  0   1  0   0  1  1  0  3  1/1    19:13   2:49   0:13 
Chris Conner             0  0  0   0  0   1  1  0  2  0  0/0    11:22   0:00   0:36 
Cody McCormick           1  0  1   0  2   2  3  0  1  0  4/10   13:51   2:37   0:13 
Jean-Francois Jacques    0  0  0   0  5   4  1  0  1  0  0/0    15:46   0:25   0:00 
Jordan Leopold           0  1  1  -1  0   1  1  2  0  1  0/0    25:55   3:02   1:26 
Mark Olver               0  0  0   0  0   1  1  0  0  1  2/6    19:26   2:49   0:20 
Matt Hunwick             0  0  0   1  0   1  2  1  0  0  0/0    22:56   2:24   2:32 
Nathan Beaulieu          0  0  0   0  0   3  0  0  1  0  0/0    15:20   0:00   0:00 
Patrick Kaleta           0  0  0   0  0   2  4  1  0  0  1/1    17:19   0:00   1:19 
Reece Scarlett           0  0  0   0  0   0  0  0  0  0  0/0     4:19   0:00   0:00 
Ryan Carter              0  0  0  -1  0   2  4  0  3  1  3/8    23:16   2:12   2:06 
Ryan Whitney             0  0  0  -1  0   0  1  0  0  2  0/0    21:36   3:02   1:26 
Steven Kampfer           0  1  1   1  0   1  2  1  0  1  0/0    22:56   2:24   2:32 
Tim Kennedy              0  0  0   0  0   1  2  0  1  1  3/4     9:00   0:00   0:00 
Tomas Jurco              1  0  1   0  0   5  0  0  4  1  0/0    18:39   2:49   0:00 
Trevor Smith             0  0  0   0  0   5  1  0  4  0  5/8    15:55   0:00   0:00 
Xavier Ouellet           0  0  0   0  2   0  3  0  1  0  0/0    15:32   0:00   0:00 

3 Stars

1 - Brendan Shinnimin (LOW)
2 - Eric Hartzell (Ham)
3 - Robert Mayer (LOW)

Power Play

Devils - 0 on 2 Attempt(s) - 0.00%
Bulldogs - 1 on 3 Attempt(s) - 33.33%

Penalty Kill

Devils - 2 on 3 Attempt(s) - 66.67% - Score 0 goal in Penalty Kill
Bulldogs - 2 on 2 Attempt(s) - 100.00% - Score 0 goal in Penalty Kill

Official

Referees : Unknown
Linesman : Unknown

Game Notes

Jean-Francois Jacques beats up Theo Peckham at 10:05 of 3rd period

Finance

Level 1 -- Attendance: 1359 (67.95%) -- Ticket Income $47,565
Level 2 -- Attendance: 816 (81.60%) -- Ticket Income $12,240
Total Attendance: 2175 (72.50%)
Total Ticket Income: $59,805
Other Income: $29,304
Total Income: $89,109

Devils

5 vs 5 Forward 
   Center                   Left Wing                Right Wing               Time % Phy DF OF 
 1 Pascal Pelletier         Jordan Martinook         Ryan Jones               35     1   2  2  
 2 Brendan Shinnimin        Yanni Gourde             Zach O'Brien             30     1   2  2  
 3 Philip-Michael Devos     Sean Collins             Zach Budish              22     1   2  2  
 4 Darroll Powe             Darren Archibald         Rod Pelley               13     1   2  2  

5 vs 5 Defense 
   Defense                  Defense                                           Time % Phy DF OF 
 1 Colin Miller             Theo Peckham                                      35     1   2  2  
 2 Chris Wideman            Scooter Vaughan                                   30     1   2  2  
 3 Gabriel Beaupre          Drew MacKenzie                                    22     1   2  2  
 4 Colin Miller             Theo Peckham                                      13     1   2  2  

PowerPlay Forward 
   Center                   Left Wing                Right Wing               Time % Phy DF OF 
 1 Darroll Powe             Ryan Jones               Rod Pelley               60     1   2  2  
 2 Brendan Shinnimin        Pascal Pelletier         Zach O'Brien             40     1   2  2  

PowerPlay Defense
   Defense                  Defense                                           Time % Phy DF OF 
 1 Colin Miller             Theo Peckham                                      60     1   2  2  
 2 Chris Wideman            Scooter Vaughan                                   40     1   2  2  

Penalty Kill 4 Players Forward 
   Center                   Wing                     Time % Phy DF OF 
 1 Darroll Powe             Ryan Jones               60     1   2  2  
 2 Rod Pelley               Brendan Shinnimin        40     1   2  2  

Penalty Kill 4 Players Defense
   Defense                  Defense                  Time % Phy DF OF 
 1 Colin Miller             Theo Peckham             60     1   2  2  
 2 Chris Wideman            Scooter Vaughan          40     1   2  2  

Penalty Kill - 3 Players Forward 
   Forward                                           Time % Phy DF OF 
 1 Darroll Powe                                      60     1   2  2  
 2 Ryan Jones                                        40     1   2  2  

Penalty Kill - 3 Players Defense
   Defense                  Defense                  Time % Phy DF OF 
 1 Colin Miller             Theo Peckham             60     1   2  2  
 2 Chris Wideman            Scooter Vaughan          40     1   2  2  

4 vs 4 Forward 
   Center                   Wing                     Time % Phy DF OF 
 1 Darroll Powe             Ryan Jones               60     1   2  2  
 2 Rod Pelley               Brendan Shinnimin        40     1   2  2  

4 vs 4 Defense
   Defense                  Defense                  Time % Phy DF OF 
 1 Colin Miller             Theo Peckham             60     1   2  2  
 2 Chris Wideman            Scooter Vaughan          40     1   2  2  

Last Minutes Offensive
   Center                   Left Wing                Right Wing               Defense                  Defense                  
   Darroll Powe             Ryan Jones               Rod Pelley               Colin Miller             Theo Peckham             

Last Minutes Defensive
   Center                   Left Wing                Right Wing               Defense                  Defense                  
   Darroll Powe             Ryan Jones               Rod Pelley               Colin Miller             Theo Peckham             

Goaltenders
Starting : Robert Mayer             
Backup : Jason Missiaen           

Extra Forwards
Normal : Sean Collins, Jordan Martinook, Zach Budish - PP : Sean Collins, Jordan Martinook - PK : Zach Budish
Extra Defensemen
Normal : Gabriel Beaupre, Drew MacKenzie, Chris Wideman - PP : Gabriel Beaupre - PK : Drew MacKenzie, Chris Wideman
Penalty Shots
Darroll Powe, Ryan Jones, Rod Pelley, Brendan Shinnimin, Pascal Pelletier

Bulldogs

5 vs 5 Forward 
   Center                   Left Wing                Right Wing               Time % Phy DF OF 
 1 Cody McCormick           Ryan Carter              B.J. Crombeen            35     1   2  2  
 2 Mark Olver               Brandon Yip              Tomas Jurco              30     1   2  2  
 3 Trevor Smith             Jean-Francois Jacques    Patrick Kaleta           22     1   2  2  
 4 Tim Kennedy              Chris Conner             Ryan Carter              13     1   2  2  

5 vs 5 Defense 
   Defense                  Defense                                           Time % Phy DF OF 
 1 Jordan Leopold           Ryan Whitney                                      35     1   2  2  
 2 Matt Hunwick             Steven Kampfer                                    30     1   2  2  
 3 Xavier Ouellet           Nathan Beaulieu                                   22     1   2  2  
 4 Reece Scarlett           Jordan Leopold                                    13     1   2  2  

PowerPlay Forward 
   Center                   Left Wing                Right Wing               Time % Phy DF OF 
 1 Cody McCormick           Ryan Carter              B.J. Crombeen            60     1   2  2  
 2 Mark Olver               Brandon Yip              Tomas Jurco              40     1   2  2  

PowerPlay Defense
   Defense                  Defense                                           Time % Phy DF OF 
 1 Jordan Leopold           Ryan Whitney                                      60     1   2  2  
 2 Matt Hunwick             Steven Kampfer                                    40     1   2  2  

Penalty Kill 4 Players Forward 
   Center                   Wing                     Time % Phy DF OF 
 1 Ryan Carter              B.J. Crombeen            60     1   2  2  
 2 Brandon Yip              Cody McCormick           40     1   2  2  

Penalty Kill 4 Players Defense
   Defense                  Defense                  Time % Phy DF OF 
 1 Jordan Leopold           Ryan Whitney             60     1   2  2  
 2 Matt Hunwick             Steven Kampfer           40     1   2  2  

Penalty Kill - 3 Players Forward 
   Forward                                           Time % Phy DF OF 
 1 Ryan Carter                                       60     1   2  2  
 2 B.J. Crombeen                                     40     1   2  2  

Penalty Kill - 3 Players Defense
   Defense                  Defense                  Time % Phy DF OF 
 1 Jordan Leopold           Ryan Whitney             60     1   2  2  
 2 Matt Hunwick             Steven Kampfer           40     1   2  2  

4 vs 4 Forward 
   Center                   Wing                     Time % Phy DF OF 
 1 Ryan Carter              B.J. Crombeen            60     1   2  2  
 2 Brandon Yip              Cody McCormick           40     1   2  2  

4 vs 4 Defense
   Defense                  Defense                  Time % Phy DF OF 
 1 Jordan Leopold           Ryan Whitney             60     1   2  2  
 2 Matt Hunwick             Steven Kampfer           40     1   2  2  

Last Minutes Offensive
   Center                   Left Wing                Right Wing               Defense                  Defense                  
   Cody McCormick           Ryan Carter              B.J. Crombeen            Jordan Leopold           Ryan Whitney             

Last Minutes Defensive
   Center                   Left Wing                Right Wing               Defense                  Defense                  
   Cody McCormick           Ryan Carter              B.J. Crombeen            Jordan Leopold           Ryan Whitney             

Goaltenders
Starting : Eric Hartzell            
Backup : Jeff Deslauriers         

Extra Forwards
Normal : Jean-Francois Jacques, Trevor Smith, Patrick Kaleta - PP : Jean-Francois Jacques, Trevor Smith - PK : Patrick Kaleta
Extra Defensemen
Normal : Xavier Ouellet, Nathan Beaulieu, Reece Scarlett - PP : Xavier Ouellet - PK : Nathan Beaulieu, Reece Scarlett
Penalty Shots
Ryan Carter, B.J. Crombeen, Brandon Yip, Cody McCormick, Tomas Jurco

% Time on Ice - Devils

Lines # - Real PCT - Wanted PCT - Time Play
Normal Forward
1 - 28% - 35% - 14:03
2 - 29% - 30% - 14:30
3 - 24% - 22% - 12:04
4 - 20% - 13% - 9:59
Normal Defense
1 - 36% - 35% - 17:59
2 - 32% - 30% - 15:59
3 - 25% - 22% - 12:53
4 - 7% - 13% - 3:45
PP Forward
1 - 47% - 60% - 1:51
2 - 53% - 40% - 2:07
PP Defense
1 - 57% - 60% - 2:15
2 - 43% - 40% - 1:43
PK Forward
1 - 84% - 60% - 4:35
2 - 16% - 40% - 0:51
PK Defense
1 - 47% - 60% - 2:32
2 - 53% - 40% - 2:54
PK3 Forward
1 - 0% - 60%
2 - 0% - 40%
PK3 Defense
1 - 0% - 60%
2 - 0% - 40%
44 Forward
1 - 84% - 60% - 3:30
2 - 16% - 40% - 0:41
44 Defense
1 - 56% - 60% - 2:20
2 - 44% - 40% - 1:51
Last Minute Offensive  - 0:00
Last Minute Defensive  - 0:00
Total
Forward - 64:11
Defense - 64:11

% Time on Ice - Bulldogs

Lines # - Real PCT - Wanted PCT - Time Play
Normal Forward
1 - 21% - 35% - 10:41
2 - 32% - 30% - 16:03
3 - 29% - 22% - 14:52
4 - 18% - 13% - 9:00
Normal Defense
1 - 29% - 35% - 14:48
2 - 32% - 30% - 16:09
3 - 30% - 22% - 15:20
4 - 9% - 13% - 4:19
PP Forward
1 - 48% - 60% - 2:37
2 - 52% - 40% - 2:49
PP Defense
1 - 56% - 60% - 3:02
2 - 44% - 40% - 2:24
PK Forward
1 - 95% - 60% - 3:45
2 - 5% - 40% - 0:13
PK Defense
1 - 36% - 60% - 1:26
2 - 64% - 40% - 2:32
PK3 Forward
1 - 0% - 60%
2 - 0% - 40%
PK3 Defense
1 - 0% - 60%
2 - 0% - 40%
44 Forward
1 - 97% - 60% - 4:03
2 - 3% - 40% - 0:08
44 Defense
1 - 56% - 60% - 2:20
2 - 44% - 40% - 1:51
Last Minute Offensive  - 0:00
Last Minute Defensive  - 0:00
Total
Forward - 64:11
Defense - 64:11

Play by Play

1st period


0:01 of 1st period - Pascal Pelletier wins face-off versus Ryan Carter in neutral zone.
0:42 of 1st period - Colin Miller is hit by Ryan Carter and loses puck.
1:01 of 1st period - Tomas Jurco is hit by Yanni Gourde and loses puck.
1:16 of 1st period - Wrist shot by Brendan Shinnimin.
1:16 of 1st period - Shot Misses the Net.
2:32 of 1st period - Sean Collins is hit by Tim Kennedy and loses puck.
2:50 of 1st period - Snap shot by Sean Collins.
2:50 of 1st period - Stopped by Eric Hartzell with a rebound.
3:10 of 1st period - Cody McCormick is hit by Rod Pelley and loses puck.
3:46 of 1st period - Wrist shot by Trevor Smith.
3:46 of 1st period - Shot Blocked by Drew MacKenzie.
4:06 of 1st period - Snap shot by Ryan Jones.
4:06 of 1st period - Stopped by Eric Hartzell with a rebound.
4:24 of 1st period - Jordan Leopold is hit by Ryan Jones and loses puck.
4:52 of 1st period - Ryan Carter is hit by Zach Budish and loses puck.
5:21 of 1st period - Xavier Ouellet is hit by Brendan Shinnimin and loses puck.
6:35 of 1st period - Zach Budish is hit by Patrick Kaleta.
6:45 of 1st period - Wrist shot by B.J. Crombeen.
6:45 of 1st period - Shot Hit the Post.
6:53 of 1st period - Snap shot by Ryan Carter.
6:53 of 1st period - Stopped by Robert Mayer with a rebound.
6:55 of 1st period - Slapshot by Nathan Beaulieu.
6:55 of 1st period - Shot Blocked by Scooter Vaughan.
7:15 of 1st period - Pascal Pelletier is hit by Xavier Ouellet and loses puck.
7:39 of 1st period - Wrist shot by Tim Kennedy.
7:39 of 1st period - Stopped by Robert Mayer with a rebound.
8:28 of 1st period - Slapshot by Mark Olver.
8:28 of 1st period - Shot Misses the Net.
8:50 of 1st period - Ryan Carter is hit by Theo Peckham and loses puck.
8:58 of 1st period - Off-side.
8:59 of 1st period - Philip-Michael Devos wins face-off versus Cody McCormick in neutral zone.
10:12 of 1st period - Scooter Vaughan is hit by Jordan Leopold and loses puck.
10:35 of 1st period - Snap shot by Chris Conner.
10:35 of 1st period - Deflect By Tim Kennedy.
10:35 of 1st period - Shot Blocked by Scooter Vaughan.
10:35 of 1st period - Puck is out of play.
10:36 of 1st period - Pascal Pelletier wins face-off versus Tim Kennedy in Devils zone.
10:36 of 1st period - Pascal Pelletier is hit by Ryan Carter.
10:58 of 1st period - Snap shot by Tomas Jurco.
10:58 of 1st period - Stopped by Robert Mayer with a rebound.
11:04 of 1st period - Snap shot by Tomas Jurco.
11:04 of 1st period - Shot Misses the Net.
11:06 of 1st period - Snap shot by Xavier Ouellet.
11:06 of 1st period - Shot Misses the Net.
11:08 of 1st period - Snap shot by Brandon Yip.
11:08 of 1st period - Shot Blocked by Pascal Pelletier.
11:10 of 1st period - Snap shot by Brandon Yip.
11:10 of 1st period - Shot Blocked by Gabriel Beaupre.
11:54 of 1st period - Snap shot by Yanni Gourde.
11:54 of 1st period - Shot Misses the Net.
11:56 of 1st period - Slapshot by Theo Peckham.
11:56 of 1st period - Stopped by Eric Hartzell with a rebound.
11:58 of 1st period - Wrist shot by Yanni Gourde.
11:58 of 1st period - Stopped by Eric Hartzell without a rebound.
11:59 of 1st period - Mark Olver wins face-off versus Philip-Michael Devos in Bulldogs zone.
11:59 of 1st period - Mark Olver is hit by Zach Budish.
12:46 of 1st period - Minor Penalty to Theo Peckham for Hooking.
12:47 of 1st period - Darroll Powe wins face-off versus Cody McCormick in Devils zone.
13:15 of 1st period - Scooter Vaughan is hit by Mark Olver.
13:41 of 1st period - Darroll Powe is hit by Cody McCormick and loses puck.
14:14 of 1st period - Snap shot by Tomas Jurco.
14:14 of 1st period - Goal by Tomas Jurco - Devils : 0 - Bulldogs : 1.
14:15 of 1st period - Trevor Smith wins face-off versus Brendan Shinnimin in neutral zone.
14:24 of 1st period - Snap shot by Nathan Beaulieu.
14:24 of 1st period - Stopped by Robert Mayer with a rebound.
14:39 of 1st period - Wrist shot by Brendan Shinnimin.
14:39 of 1st period - Stopped by Eric Hartzell without a rebound.
14:40 of 1st period - Philip-Michael Devos wins face-off versus Cody McCormick in Bulldogs zone.
15:26 of 1st period - Steven Kampfer is hit by Brendan Shinnimin and loses puck.
16:03 of 1st period - Icing by Jean-Francois Jacques.
16:04 of 1st period - Trevor Smith wins face-off versus Pascal Pelletier in Bulldogs zone.
16:09 of 1st period - Scooter Vaughan is hit by Jean-Francois Jacques and loses puck.
16:16 of 1st period - Snap shot by Patrick Kaleta.
16:16 of 1st period - Shot Misses the Net.
16:18 of 1st period - Slapshot by Ryan Whitney.
16:18 of 1st period - Deflect By Jean-Francois Jacques.
16:18 of 1st period - Stopped by Robert Mayer with a rebound.
16:20 of 1st period - Wrist shot by Patrick Kaleta.
16:20 of 1st period - Stopped by Robert Mayer with a rebound.
16:22 of 1st period - Snap shot by Jean-Francois Jacques.
16:22 of 1st period - Shot Misses the Net.
16:36 of 1st period - Slapshot by Ryan Jones.
16:36 of 1st period - Shot Hit the Post.
16:52 of 1st period - Darroll Powe is hit by Cody McCormick.
16:58 of 1st period - Wrist shot by Ryan Carter.
16:58 of 1st period - Deflect By B.J. Crombeen.
16:58 of 1st period - Shot Misses the Net.
16:58 of 1st period - Puck is out of play.
16:59 of 1st period - Cody McCormick wins face-off versus Darroll Powe in Devils zone.
17:33 of 1st period - Nathan Beaulieu is hit by Darroll Powe and loses puck.
17:48 of 1st period - Wrist shot by Nathan Beaulieu.
17:48 of 1st period - Stopped by Robert Mayer with a rebound.
17:50 of 1st period - Wrist shot by Tomas Jurco.
17:50 of 1st period - Shot Misses the Net.
17:52 of 1st period - Slapshot by Matt Hunwick.
17:52 of 1st period - Shot Misses the Net.
17:54 of 1st period - Wrist shot by Tomas Jurco.
17:54 of 1st period - Shot Blocked by Theo Peckham.
17:56 of 1st period - Snap shot by Mark Olver.
17:56 of 1st period - Stopped by Robert Mayer with a rebound.
19:13 of 1st period - Slapshot by Cody McCormick.
19:13 of 1st period - Deflect By Pascal Pelletier.
19:13 of 1st period - Stopped by Robert Mayer with a rebound.
19:15 of 1st period - Snap shot by Ryan Carter.
19:15 of 1st period - Shot Misses the Net.
19:17 of 1st period - Snap shot by Steven Kampfer.
19:17 of 1st period - Deflect By Pascal Pelletier.
19:17 of 1st period - Stopped by Robert Mayer with a rebound.
19:45 of 1st period - Philip-Michael Devos is hit by Matt Hunwick and loses puck.
19:56 of 1st period - Scooter Vaughan is hit by Tim Kennedy and loses puck.
Goals for this period are 0 for Devils vs 1 for Bulldogs.
Shots for this period are 5 for Devils vs 11 for Bulldogs.

2nd period


0:01 of 2nd period - Cody McCormick wins face-off versus Pascal Pelletier in neutral zone.
2:33 of 2nd period - Drew MacKenzie is hit by Chris Conner and loses puck.
2:42 of 2nd period - Slapshot by Darren Archibald.
2:42 of 2nd period - Shot Misses the Net.
2:46 of 2nd period - Wrist shot by Rod Pelley.
2:46 of 2nd period - Stopped by Eric Hartzell with a rebound.
2:48 of 2nd period - Wrist shot by Rod Pelley.
2:48 of 2nd period - Shot Misses the Net.
2:52 of 2nd period - Snap shot by Darren Archibald.
2:52 of 2nd period - Stopped by Eric Hartzell with a rebound.
3:10 of 2nd period - Wrist shot by Ryan Jones.
3:10 of 2nd period - Shot Misses the Net.
4:06 of 2nd period - Slapshot by Ryan Carter.
4:06 of 2nd period - Stopped by Robert Mayer with a rebound.
4:08 of 2nd period - Snap shot by Reece Scarlett.
4:08 of 2nd period - Shot Misses the Net.
4:10 of 2nd period - Slapshot by B.J. Crombeen.
4:10 of 2nd period - Shot Misses the Net.
4:12 of 2nd period - Snap shot by B.J. Crombeen.
4:12 of 2nd period - Stopped by Robert Mayer without a rebound.
4:13 of 2nd period - Philip-Michael Devos wins face-off versus Cody McCormick in Devils zone.
4:43 of 2nd period - Zach Budish is hit by Brandon Yip and loses puck.
5:02 of 2nd period - Scooter Vaughan is hit by Patrick Kaleta.
5:08 of 2nd period - Wrist shot by Jean-Francois Jacques.
5:08 of 2nd period - Stopped by Robert Mayer without a rebound.
5:09 of 2nd period - Trevor Smith wins face-off versus Darroll Powe in Devils zone.
7:51 of 2nd period - Zach Budish is hit by Xavier Ouellet and loses puck.
8:52 of 2nd period - Wrist shot by Ryan Jones.
8:52 of 2nd period - Shot Misses the Net.
8:54 of 2nd period - Snap shot by Pascal Pelletier.
8:54 of 2nd period - Shot Misses the Net.
8:56 of 2nd period - Snap shot by Jordan Martinook.
8:56 of 2nd period - Shot Blocked by Matt Hunwick.
8:58 of 2nd period - Snap shot by Jordan Martinook.
8:58 of 2nd period - Shot Blocked by Steven Kampfer.
9:00 of 2nd period - Slapshot by Ryan Jones.
9:00 of 2nd period - Stopped by Eric Hartzell without a rebound.
9:01 of 2nd period - Pascal Pelletier wins face-off versus Cody McCormick in Bulldogs zone.
9:05 of 2nd period - Minor Penalty to Cody McCormick for Tripping.
9:06 of 2nd period - Ryan Carter wins face-off versus Darroll Powe in Bulldogs zone.
10:03 of 2nd period - Chris Wideman is hit by Patrick Kaleta and loses puck.
10:45 of 2nd period - Snap shot by Ryan Jones.
10:45 of 2nd period - Shot Blocked by Patrick Kaleta.
11:05 of 2nd period - Penalty to Cody McCormick is over, Cody McCormick is back on ice.
11:22 of 2nd period - Sean Collins is hit by Cody McCormick.
11:46 of 2nd period - Brandon Yip is hit by Gabriel Beaupre and loses puck.
11:58 of 2nd period - Icing by Xavier Ouellet.
11:59 of 2nd period - Ryan Jones wins face-off versus Mark Olver in Bulldogs zone.
12:23 of 2nd period - Snap shot by Trevor Smith.
12:23 of 2nd period - Stopped by Robert Mayer with a rebound.
12:25 of 2nd period - Snap shot by Trevor Smith.
12:25 of 2nd period - Shot Misses the Net.
12:40 of 2nd period - Icing by Rod Pelley.
12:41 of 2nd period - Darroll Powe wins face-off versus Ryan Carter in Devils zone.
12:48 of 2nd period - Wrist shot by Darroll Powe.
12:48 of 2nd period - Shot Blocked by B.J. Crombeen.
14:01 of 2nd period - Wrist shot by Zach Budish.
14:01 of 2nd period - Stopped by Eric Hartzell with a rebound.
14:03 of 2nd period - Backhand shot by Colin Miller.
14:03 of 2nd period - Stopped by Eric Hartzell without a rebound.
14:04 of 2nd period - Patrick Kaleta wins face-off versus Pascal Pelletier in Bulldogs zone.
14:13 of 2nd period - Slapshot by Trevor Smith.
14:13 of 2nd period - Shot Misses the Net.
14:15 of 2nd period - Slapshot by Ryan Whitney.
14:15 of 2nd period - Deflect By Jean-Francois Jacques.
14:15 of 2nd period - Stopped by Robert Mayer without a rebound.
14:16 of 2nd period - Pascal Pelletier wins face-off versus Trevor Smith in Devils zone.
14:32 of 2nd period - Snap shot by Jordan Leopold.
14:32 of 2nd period - Stopped by Robert Mayer without a rebound.
14:33 of 2nd period - Mark Olver wins face-off versus Philip-Michael Devos in Devils zone.
15:26 of 2nd period - Cody McCormick is hit by Brendan Shinnimin and loses puck.
15:33 of 2nd period - Wrist shot by Yanni Gourde.
15:33 of 2nd period - Shot Misses the Net.
15:35 of 2nd period - Wrist shot by Brendan Shinnimin.
15:35 of 2nd period - Goal by Brendan Shinnimin - Devils : 1 - Bulldogs : 1.
15:36 of 2nd period - Trevor Smith wins face-off versus Pascal Pelletier in neutral zone.
15:39 of 2nd period - Slapshot by Matt Hunwick.
15:39 of 2nd period - Stopped by Robert Mayer with a rebound.
15:47 of 2nd period - Wrist shot by Patrick Kaleta.
15:47 of 2nd period - Shot Misses the Net.
16:08 of 2nd period - Snap shot by Trevor Smith.
16:08 of 2nd period - Stopped by Robert Mayer with a rebound.
16:14 of 2nd period - Chris Wideman is hit by Steven Kampfer.
16:40 of 2nd period - Zach O'Brien is hit by Ryan Carter and loses puck.
17:23 of 2nd period - Wrist shot by Tomas Jurco.
17:23 of 2nd period - Shot Misses the Net.
17:25 of 2nd period - Slapshot by Brandon Yip.
17:25 of 2nd period - Shot Misses the Net.
17:27 of 2nd period - Slapshot by Xavier Ouellet.
17:27 of 2nd period - Deflect By Brandon Yip.
17:27 of 2nd period - Shot Blocked by Theo Peckham.
17:27 of 2nd period - Puck is out of play.
17:28 of 2nd period - Tim Kennedy wins face-off versus Darroll Powe in Devils zone.
17:39 of 2nd period - Gabriel Beaupre is hit by Ryan Carter and loses puck.
17:48 of 2nd period - Slapshot by Darroll Powe.
17:48 of 2nd period - Stopped by Eric Hartzell with a rebound.
17:50 of 2nd period - Snap shot by Gabriel Beaupre.
17:50 of 2nd period - Deflect By Ryan Whitney.
17:50 of 2nd period - Stopped by Eric Hartzell with a rebound.
18:16 of 2nd period - Wrist shot by Ryan Jones.
18:16 of 2nd period - Shot Misses the Net.
18:46 of 2nd period - Snap shot by Pascal Pelletier.
18:46 of 2nd period - Shot Blocked by Brandon Yip.
19:39 of 2nd period - Wrist shot by Brendan Shinnimin.
19:39 of 2nd period - Shot Misses the Net.
Goals for this period are 1 for Devils vs 0 for Bulldogs.
Shots for this period are 8 for Devils vs 8 for Bulldogs.

3rd period


0:01 of 3rd period - Cody McCormick wins face-off versus Pascal Pelletier in neutral zone.
0:08 of 3rd period - Slapshot by Ryan Carter.
0:08 of 3rd period - Shot Misses the Net.
0:22 of 3rd period - Snap shot by B.J. Crombeen.
0:22 of 3rd period - Shot Blocked by Theo Peckham.
0:24 of 3rd period - Slapshot by B.J. Crombeen.
0:24 of 3rd period - Stopped by Robert Mayer with a rebound.
0:26 of 3rd period - Wrist shot by Cody McCormick.
0:26 of 3rd period - Shot Misses the Net.
0:28 of 3rd period - Slapshot by Jordan Leopold.
0:28 of 3rd period - Shot Misses the Net.
0:30 of 3rd period - Slapshot by B.J. Crombeen.
0:30 of 3rd period - Stopped by Robert Mayer with a rebound.
0:32 of 3rd period - Snap shot by B.J. Crombeen.
0:32 of 3rd period - Stopped by Robert Mayer without a rebound.
0:33 of 3rd period - Brandon Yip wins face-off versus Brendan Shinnimin in Devils zone.
0:40 of 3rd period - Snap shot by Tomas Jurco.
0:40 of 3rd period - Shot Blocked by Brendan Shinnimin.
0:42 of 3rd period - Slapshot by Nathan Beaulieu.
0:42 of 3rd period - Shot Blocked by Chris Wideman.
0:44 of 3rd period - Backhand shot by Nathan Beaulieu.
0:44 of 3rd period - Deflect By Tomas Jurco.
0:44 of 3rd period - Stopped by Robert Mayer with a rebound.
1:17 of 3rd period - Minor Penalty to Chris Wideman for Slashing.
1:18 of 3rd period - Darroll Powe wins face-off versus Cody McCormick in Devils zone.
3:05 of 3rd period - Brendan Shinnimin is hit by Steven Kampfer and loses puck.
3:16 of 3rd period - Mark Olver is hit by Brendan Shinnimin and loses puck.
3:17 of 3rd period - Penalty to Chris Wideman is over, Chris Wideman is back on ice.
3:54 of 3rd period - Icing by Scooter Vaughan.
3:55 of 3rd period - Philip-Michael Devos wins face-off versus Trevor Smith in Devils zone.
3:55 of 3rd period - Philip-Michael Devos is hit by Xavier Ouellet.
4:02 of 3rd period - Slapshot by Trevor Smith.
4:02 of 3rd period - Stopped by Robert Mayer with a rebound.
4:19 of 3rd period - Snap shot by Nathan Beaulieu.
4:19 of 3rd period - Shot Blocked by Scooter Vaughan.
4:21 of 3rd period - Snap shot by Jean-Francois Jacques.
4:21 of 3rd period - Shot Misses the Net.
4:23 of 3rd period - Slapshot by Trevor Smith.
4:23 of 3rd period - Shot Blocked by Philip-Michael Devos.
4:25 of 3rd period - Slapshot by Nathan Beaulieu.
4:25 of 3rd period - Stopped by Robert Mayer with a rebound.
4:55 of 3rd period - Minor Penalty to Xavier Ouellet for Roughing.
4:56 of 3rd period - Ryan Carter wins face-off versus Pascal Pelletier in Bulldogs zone.
5:11 of 3rd period - Wrist shot by Brendan Shinnimin.
5:11 of 3rd period - Shot Misses the Net.
5:13 of 3rd period - Snap shot by Zach O'Brien.
5:13 of 3rd period - Shot Misses the Net.
5:15 of 3rd period - Slapshot by Colin Miller.
5:15 of 3rd period - Shot Misses the Net.
5:17 of 3rd period - Slapshot by Theo Peckham.
5:17 of 3rd period - Shot Misses the Net.
5:19 of 3rd period - Slapshot by Scooter Vaughan.
5:19 of 3rd period - Stopped by Eric Hartzell with a rebound.
5:21 of 3rd period - Slapshot by Zach O'Brien.
5:21 of 3rd period - Deflect By Ryan Whitney.
5:21 of 3rd period - Shot Hit the Post.
5:21 of 3rd period - Puck is out of play.
5:22 of 3rd period - Ryan Carter wins face-off versus Ryan Jones in Bulldogs zone.
5:41 of 3rd period - Wrist shot by Ryan Jones.
5:41 of 3rd period - Stopped by Eric Hartzell with a rebound.
5:43 of 3rd period - Snap shot by Ryan Jones.
5:43 of 3rd period - Shot Blocked by B.J. Crombeen.
5:45 of 3rd period - Backhand shot by Ryan Jones.
5:45 of 3rd period - Shot Misses the Net.
6:11 of 3rd period - Ryan Carter is hit by Colin Miller and loses puck.
6:32 of 3rd period - Snap shot by Ryan Jones.
6:32 of 3rd period - Shot Misses the Net.
6:34 of 3rd period - Snap shot by Ryan Jones.
6:34 of 3rd period - Stopped by Eric Hartzell with a rebound.
6:55 of 3rd period - Penalty to Xavier Ouellet is over, Xavier Ouellet is back on ice.
6:56 of 3rd period - Wrist shot by Brendan Shinnimin.
6:56 of 3rd period - Shot Misses the Net.
7:07 of 3rd period - Minor Penalty to Zach Budish for Hooking.
7:08 of 3rd period - Darroll Powe wins face-off versus Mark Olver in Devils zone.
7:15 of 3rd period - Snap shot by Darroll Powe.
7:15 of 3rd period - Stopped by Eric Hartzell without a rebound.
7:16 of 3rd period - Darroll Powe wins face-off versus Mark Olver in Bulldogs zone.
7:40 of 3rd period - Off-side.
7:41 of 3rd period - Cody McCormick wins face-off versus Darroll Powe in neutral zone.
7:48 of 3rd period - Slapshot by Jordan Leopold.
7:48 of 3rd period - Deflect By B.J. Crombeen.
7:48 of 3rd period - Stopped by Robert Mayer with a rebound.
7:50 of 3rd period - Snap shot by B.J. Crombeen.
7:50 of 3rd period - Shot Misses the Net.
8:14 of 3rd period - Slapshot by Tomas Jurco.
8:14 of 3rd period - Shot Misses the Net.
8:26 of 3rd period - Brandon Yip is hit by Chris Wideman and loses puck.
9:05 of 3rd period - Snap shot by Tomas Jurco.
9:05 of 3rd period - Stopped by Robert Mayer with a rebound.
9:07 of 3rd period - Penalty to Zach Budish is over, Zach Budish is back on ice.
10:05 of 3rd period - Jean-Francois Jacques beats up Theo Peckham.
10:05 of 3rd period - Penalty to Jean-Francois Jacques for Fighting.
10:05 of 3rd period - Penalty to Theo Peckham for Fighting.
10:06 of 3rd period - Tim Kennedy wins face-off versus Philip-Michael Devos in neutral zone.
10:16 of 3rd period - Slapshot by Tim Kennedy.
10:16 of 3rd period - Shot Misses the Net.
11:48 of 3rd period - Patrick Kaleta is hit by Darroll Powe and loses puck.
12:52 of 3rd period - Slapshot by Sean Collins.
12:52 of 3rd period - Stopped by Eric Hartzell with a rebound.
12:54 of 3rd period - Slapshot by Zach Budish.
12:54 of 3rd period - Shot Misses the Net.
12:56 of 3rd period - Wrist shot by Philip-Michael Devos.
12:56 of 3rd period - Shot Misses the Net.
12:58 of 3rd period - Slapshot by Colin Miller.
12:58 of 3rd period - Deflect By Ryan Whitney.
12:58 of 3rd period - Stopped by Eric Hartzell with a rebound.
13:00 of 3rd period - Snap shot by Philip-Michael Devos.
13:00 of 3rd period - Shot Misses the Net.
13:02 of 3rd period - Snap shot by Sean Collins.
13:02 of 3rd period - Shot Misses the Net.
13:04 of 3rd period - Slapshot by Scooter Vaughan.
13:04 of 3rd period - Stopped by Eric Hartzell with a rebound.
13:06 of 3rd period - Snap shot by Zach Budish.
13:06 of 3rd period - Stopped by Eric Hartzell with a rebound.
13:21 of 3rd period - Slapshot by Brendan Shinnimin.
13:21 of 3rd period - Shot Misses the Net.
13:23 of 3rd period - Backhand shot by Yanni Gourde.
13:23 of 3rd period - Stopped by Eric Hartzell with a rebound.
13:25 of 3rd period - Snap shot by Zach O'Brien.
13:25 of 3rd period - Shot Misses the Net.
13:27 of 3rd period - Wrist shot by Zach O'Brien.
13:27 of 3rd period - Stopped by Eric Hartzell with a rebound.
13:29 of 3rd period - Snap shot by Colin Miller.
13:29 of 3rd period - Shot Misses the Net.
13:31 of 3rd period - Snap shot by Scooter Vaughan.
13:31 of 3rd period - Shot Blocked by Jordan Leopold.
13:53 of 3rd period - Ryan Carter is hit by Darroll Powe and loses puck.
13:59 of 3rd period - Matt Hunwick is hit by Scooter Vaughan and loses puck.
14:08 of 3rd period - Snap shot by Tim Kennedy.
14:08 of 3rd period - Shot Blocked by Darren Archibald.
14:10 of 3rd period - Wrist shot by Chris Conner.
14:10 of 3rd period - Stopped by Robert Mayer without a rebound.
14:11 of 3rd period - Pascal Pelletier wins face-off versus Trevor Smith in Devils zone.
14:16 of 3rd period - Nathan Beaulieu is hit by Jordan Martinook and loses puck.
14:25 of 3rd period - Pascal Pelletier is hit by B.J. Crombeen and loses puck.
14:30 of 3rd period - Wrist shot by Trevor Smith.
14:30 of 3rd period - Stopped by Robert Mayer with a rebound.
15:00 of 3rd period - Snap shot by Sean Collins.
15:00 of 3rd period - Stopped by Eric Hartzell without a rebound.
15:01 of 3rd period - B.J. Crombeen wins face-off versus Brendan Shinnimin in Bulldogs zone.
15:20 of 3rd period - Backhand shot by Trevor Smith.
15:20 of 3rd period - Stopped by Robert Mayer with a rebound.
15:57 of 3rd period - Darren Archibald is hit by Trevor Smith and loses puck.
16:14 of 3rd period - Slapshot by Jordan Leopold.
16:14 of 3rd period - Shot Misses the Net.
16:21 of 3rd period - Icing by Darroll Powe.
16:22 of 3rd period - Tim Kennedy wins face-off versus Darroll Powe in Devils zone.
16:23 of 3rd period - Wrist shot by Chris Conner.
16:23 of 3rd period - Shot Blocked by Colin Miller.
16:35 of 3rd period - Slapshot by Tomas Jurco.
16:35 of 3rd period - Stopped by Robert Mayer with a rebound.
16:37 of 3rd period - Snap shot by Tomas Jurco.
16:37 of 3rd period - Shot Blocked by Colin Miller.
17:40 of 3rd period - Wrist shot by Trevor Smith.
17:40 of 3rd period - Shot Hit the Post.
17:42 of 3rd period - Snap shot by Ryan Whitney.
17:42 of 3rd period - Shot Blocked by Drew MacKenzie.
18:47 of 3rd period - Brendan Shinnimin is hit by B.J. Crombeen and loses puck.
18:58 of 3rd period - Wrist shot by Brendan Shinnimin.
18:58 of 3rd period - Shot Blocked by Jordan Leopold.
19:00 of 3rd period - Slapshot by Zach O'Brien.
19:00 of 3rd period - Shot Misses the Net.
19:02 of 3rd period - Backhand shot by Chris Wideman.
19:02 of 3rd period - Deflect By Brendan Shinnimin.
19:02 of 3rd period - Stopped by Eric Hartzell without a rebound.
19:03 of 3rd period - Pascal Pelletier wins face-off versus Mark Olver in Bulldogs zone.
19:38 of 3rd period - Wrist shot by Trevor Smith.
19:38 of 3rd period - Shot Blocked by Ryan Jones.
19:40 of 3rd period - Slapshot by Nathan Beaulieu.
19:40 of 3rd period - Deflect By Jean-Francois Jacques.
19:40 of 3rd period - Stopped by Robert Mayer with a rebound.
19:42 of 3rd period - Snap shot by Patrick Kaleta.
19:42 of 3rd period - Stopped by Robert Mayer without a rebound.
19:43 of 3rd period - Trevor Smith wins face-off versus Brendan Shinnimin in Devils zone.
Goals for this period are 0 for Devils vs 0 for Bulldogs.
Shots for this period are 12 for Devils vs 14 for Bulldogs.

Overtime #1


0:01 of 1st overtime period - Darroll Powe wins face-off versus Ryan Carter in neutral zone.
0:03 of 1st overtime period - Off-side.
0:04 of 1st overtime period - Darroll Powe wins face-off versus Ryan Carter in neutral zone.
0:31 of 1st overtime period - Snap shot by B.J. Crombeen.
0:31 of 1st overtime period - Shot Blocked by Ryan Jones.
0:33 of 1st overtime period - Snap shot by B.J. Crombeen.
0:33 of 1st overtime period - Shot Misses the Net.
0:35 of 1st overtime period - Snap shot by B.J. Crombeen.
0:35 of 1st overtime period - Deflect By Ryan Carter.
0:35 of 1st overtime period - Shot Blocked by Theo Peckham.
0:35 of 1st overtime period - Puck is out of play.
0:36 of 1st overtime period - Darroll Powe wins face-off versus Ryan Carter in Devils zone.
1:54 of 1st overtime period - Theo Peckham is hit by Matt Hunwick and loses puck.
2:47 of 1st overtime period - Chris Wideman is hit by Ryan Whitney and loses puck.
3:22 of 1st overtime period - Colin Miller is hit by Patrick Kaleta and loses puck.
3:48 of 1st overtime period - Steven Kampfer is hit by Colin Miller and loses puck.
4:11 of 1st overtime period - Wrist shot by Cody McCormick.
4:11 of 1st overtime period - Goal by Cody McCormick - Devils : 1 - Bulldogs : 2.
Goals for this period are 0 for Devils vs 1 for Bulldogs.
Shots for this period are 0 for Devils vs 1 for Bulldogs.


Output by the SimonT Hockey Simulator (STHS) for Eric Dolegowski -- Original Page W3C XHTML 1.0 Valid
Hockey Simulator - Hockey Simulation - Hockey Manager